 Dungeon Crawl Stone Soup version 0.20-a0-579-g160a424 (webtiles) character file.

4909 Asddderdsw the Gusty (level 10, -1/79 HPs)
             Began as a Demigod Air Elementalist on Feb 6, 2017.
             Succumbed to a killer bee's poison
             ... on level 9 of the Dungeon.
             The game lasted 01:17:41 (10864 turns).

Asddderdsw the Gusty (Demigod Air Elementalist)    Turns: 10864, Time: 01:17:41

Health: -1/79      AC:  4    Str: 14    XL:     10   Next: 6%
Magic:  2/22       EV: 15    Int: 25    God:
Gold:   449        SH:  0    Dex: 18    Spells: 1/20 levels left

rFire    . . .     SeeInvis .   h - +0 dire flail (drain)
rCold    . . .     Gourm    .   a - +0 robe
rNeg     . . .     Faith    .   (shield currently unavailable)
rPois    .         Spirit   .   (no helmet)
rElec    .         Reflect  .   k - +0 cloak (curse)
rCorr    .         Harm     .   r - +0 pair of gloves
MR       +....                  (no boots)
Stlth    ++........             (no amulet)
Regen    0.3/turn               G - ring "Hotulis" {*Drain Str+3 Dex+2 Slay+3 Stlth-}
                                (no ring)

@: lethally poisoned (-1 -> -14), swift, very slightly contaminated, quick
A: high mp 1
a: no special abilities


You were on level 9 of the Dungeon.
You were not hungry.

You visited 1 branch of the dungeon, and saw 9 of its levels.

You collected 449 gold pieces.

Inventory:

Hand Weapons
 h - a +0 dire flail of draining (weapon)
 m - a +0 flail
 y - a +0 quarterstaff
 C - a +1 whip of flaming
Missiles
 i - a throwing net (quivered)
 j - 6 poisoned tomahawks
 l - 171 stones
Armour
 a - a +0 robe (worn)
 k - a cursed +0 cloak (worn)
 r - a +0 pair of gloves (worn)
 B - a +3 chain mail of cold resistance
Jewellery
 s - an uncursed ring of fire
 G - the ring "Hotulis" (right hand) {*Drain Str+3 Dex+2 Slay+3 Stlth-}
   (You found it on level 7 of the Dungeon)

   [ring of loudness]

   It affects your strength (+3).
   It affects your dexterity (+2).
   It affects your accuracy and damage with ranged weapons and melee attacks
   (+3).
   It causes draining when unequipped.
   It makes you less stealthy.
Wands
 q - a wand of iceblast (10/15)
 u - a wand of acid (8/15)
Scrolls
 n - 3 scrolls of teleportation
 o - a scroll of remove curse
 v - a scroll of noise
 A - 2 scrolls of fear {unknown}
 E - 2 scrolls of enchant weapon {unknown}
Potions
 g - a potion of haste
 w - 2 potions of agility
 x - 4 potions of might
Books
 b - a book of Air

   Spells                             Type                      Level
   a - Shock                          Conjuration/Air              1
   b - Swiftness                      Charms/Air                   2
   c - Repel Missiles                 Charms/Air                   2
   d - Static Discharge               Conjuration/Air              3
   e - Lightning Bolt                 Conjuration/Air              5
 z - a book of Misfortune

   Spells                             Type                      Level
   a - Confusing Touch                Hexes                        1
   b - Confuse                        Hexes                        3
   c - Gell's Gravitas                Hexes/Translocation          3
   d - Petrify                        Transmutation/Earth          4
   e - Metabolic Englaciation         Hexes/Ice                    5
   f - Yara's Violent Unravelling     Hexes/Transmutation          5
Comestibles
 c - 3 bread rations
 f - 3 fruits
 p - 4 meat rations


   Skills:
 + Level 4.2 Fighting
 + Level 5.6(5.8) Maces & Flails
 + Level 1.9(4.1) Staves
 + Level 5.0 Dodging
 + Level 3.4 Stealth
 + Level 5.6 Spellcasting
 + Level 5.6 Conjurations
 + Level 0.6 Charms
 + Level 6.6 Air Magic


You had one spell level left.
You knew the following spells:

 Your Spells              Type           Power        Failure   Level  Hunger
a - Shock                 Conj/Air       ####         1%          1    None
b - Repel Missiles        Chrm/Air       ####..       2%          2    None
c - Swiftness             Chrm/Air       ####....     2%          2    None
d - Static Discharge      Conj/Air       #####...     1%          3    #......
e - Lightning Bolt        Conj/Air       #####.....   17%         5    #####..
f - Confuse               Hex            #.......     28%         3    #......
g - Gell's Gravitas       Hex/Tloc       #.........   28%         3    #......


Dungeon Overview and Level Annotations

Branches:
Dungeon (9/15)             Temple (0/1) D:6
   Lair: D:8-11         Orc: D:9-12

Shops:
D:4 }

Annotations:
D:3 Grinder


Innate Abilities, Weirdness & Mutations

You have an increased reservoir of magic. (+10% MP)


Message History

Casting: Shock
Confirm with . or Enter, or press ? or * to list all spells.
Aiming: Shock
Press: ? - help, Shift-Dir - straight line, f/p - killer bee
Aim: a killer bee (lightly wounded)
The zap misses the killer bee.
* * * LOW HITPOINT WARNING * * *
You feel sick. The killer bee closely misses you. The killer bee stings you.
* * * LOW HITPOINT WARNING * * *
You are more poisoned.
The killer bee poisons you!
You closely miss the killer bee.
The killer bee is lightly wounded.
* * * LOW HITPOINT WARNING * * *
You feel sick. The killer bee stings you.
* * * LOW HITPOINT WARNING * * *
The killer bee barely misses you.
You impale the killer bee!!
You kill the killer bee!
You die...

#..................#.....
#......##..........#.....
#......##.......##.......
#......##...†...# .#...
#......##.......##. #...
#................... #...
#....................#...
#......).†.#####.########
#.......@..# ≈#.#≈ #..
#######....# #≈#.#≈# #..
#....#≈≈≈#.#≈## #..
#####....###≈#.#≈#≈##..
#..........#≈#.#≈#≈#...
#........###≈#.#≈#≈#...
#........#;≈≈#.#≈# #..#
#....>...# #≈#.#≈# ####
#........# #≈#.#≈# ####


You could see an electric eel.

Vanquished Creatures
  Pikel (D:6)
  A hippogriff (D:8)
  Prince Ribbit (D:6)
  A yak (D:9)
  Grum (D:8)
  A hungry ghost (D:7)
  Edmund (D:6)
  A water moccasin (D:9)
  Duvessa (D:7)
  A black bear (D:6)
  An orc warrior (D:7)
  An ice beast (D:7)
  2 wolves (D:8)
  3 phantoms
  6 ogres
  2 centaurs
  A crocodile (D:8)
  2 bullfrogs
  A scorpion (D:6)
  Dowan (D:7)
  3 killer bees (D:9)
  A howler monkey (D:6)
  A bullfrog zombie (D:9)
  6 crimson imps
  2 orc priests (D:8)
  7 orc wizards
  5 hounds
  2 jellies (D:8)
  Jessica (D:3)
  A centaur skeleton (D:5)
  Ijyb (D:2)
  Terence (D:2)
  2 iguanas
  9 worker ants
  2 killer bee zombies (D:5)
  A hound zombie (D:7)
  A hound skeleton (D:5)
  2 worker ant zombies (D:5)
  7 gnolls
  13 adders
  A shadow imp (D:7)
  An ooze (D:5)
  2 adder skeletons
  An adder zombie (D:7)
  3 worms
  A dart slug (D:2)
  3 leopard geckos
  39 orcs
  A ball python (D:6)
  9 giant cockroaches
  11 goblins
  3 hobgoblins
  16 jackals
  5 quokkas
  6 bats
  11 frilled lizards
  4 kobolds
  A quokka skeleton (D:5)
  12 rats
228 creatures vanquished.

Vanquished Creatures (others)
  A jelly (D:6)
  A quokka (D:6)
2 creatures vanquished.

Grand Total: 230 creatures vanquished

Notes
Turn   | Place    | Note
-------+----------+-------------------------------------------
     0 | D:1      | Asddderdsw the Demigod Air Elementalist began the quest for the Orb.
     0 | D:1      | Reached XP level 1. HP: 14/14 MP: 5/5
   261 | D:1      | Reached skill level 3 in Air Magic
   261 | D:1      | Reached XP level 2. HP: 17/20 MP: 7/7
   270 | D:1      | Learned a level 2 spell: Repel Missiles
   273 | D:1      | Learned a level 2 spell: Swiftness
   951 | D:1      | Reached skill level 1 in Conjurations
  1216 | D:2      | Reached XP level 3. HP: 24/26 MP: 5/9
  1461 | D:2      | Noticed Terence
  1485 | D:2      | Killed Terence
  1509 | D:2      | Reached XP level 4. HP: 8/34 MP: 0/10
  2020 | D:2      | Noticed Ijyb
  2028 | D:2      | Killed Ijyb
  2028 | D:2      | Reached skill level 1 in Maces & Flails
  2297 | D:3      | Noticed Jessica
  2303 | D:3      | Killed Jessica
  2303 | D:3      | Reached XP level 5. HP: 39/39 MP: 9/12
  2308 | D:3      | Learned a level 3 spell: Static Discharge
  2504 | D:3      | Found a faded altar of an unknown god.
  2702 | D:3      | Upgraded the game from 0.20-a0-577-g60d8699 to 0.20-a0-579-g160a424
  2890 | D:3      | Noticed Grinder
  2898 | D:4      | Noticed an ogre
  2991 | D:4      | Found Ytzar's Gadget Shoppe.
  3350 | D:4      | Reached skill level 1 in Fighting
  3405 | D:4      | Found a glowing golden altar of the Shining One.
  3517 | D:4      | Reached XP level 6. HP: 24/47 MP: 7/13
  3813 | D:4      | Reached skill level 4 in Air Magic
  3893 | D:4      | Found a burning altar of Makhleb.
  4233 | D:5      | Entered Level 5 of the Dungeon
  4401 | D:5      | Reached XP level 7. HP: 19/52 MP: 9/15
  4688 | D:5      | Learned a level 5 spell: Lightning Bolt
  4707 | D:5      | Reached skill level 1 in Staves
  5069 | D:6      | Noticed Edmund
  5152 | D:6      | Killed Edmund
  5470 | D:6      | Noticed Pikel
  5512 | D:6      | Noticed Prince Ribbit
  5543 | D:7      | Noticed Duvessa
  5543 | D:7      | Noticed Dowan
  5630 | D:4      | Reached skill level 5 in Air Magic
  5715 | D:4      | Reached XP level 8. HP: 18/61 MP: 17/17
  6202 | D:6      | Killed Pikel
  6859 | D:6      | Found a staircase to the Ecumenical Temple.
  6921 | D:7      | Found an opulent altar of Gozag.
  7089 | D:7      | Reached XP level 9. HP: 14/70 MP: 14/19
  7094 | D:7      | Learned a level 3 spell: Confuse
  7620 | D:7      | Reached skill level 5 in Maces & Flails
  7739 | D:7      | Got a translucent bone ring
  7740 | D:7      | Identified the ring "Hotulis" {*Drain Str+3 Dex+2 Slay+3 Stlth-} (You found it on level 7 of the Dungeon)
  7851 | D:7      | Killed Dowan
  8378 | D:8      | Noticed Grum
  8401 | D:8      | Killed Grum
  8401 | D:8      | Reached skill level 5 in Spellcasting
  8401 | D:8      | Reached skill level 6 in Air Magic
  8512 | D:8      | Found a shadowy altar of Dithmenos.
  8700 | D:8      | Reached skill level 5 in Conjurations
  9173 | D:8      | Noticed an elephant
  9501 | D:7      | Killed Duvessa
  9765 | D:6      | Killed Prince Ribbit
 10543 | D:7      | You fall through a shaft for 2 floors!
 10758 | D:9      | Reached XP level 10. HP: 45/78 MP: 19/22
 10763 | D:9      | Learned a level 3 spell: Gell's Gravitas
 10850 | D:9      | Reached skill level 5 in Dodging
 10862 | D:9      | HP: 3/79 [killer bee (5)]
 10863 | D:9      | HP: 1/79 [killer bee (1)]
 10864 | D:9      | Succumbed to a killer bee's poison

Vault maps used:
D:1:      onia_arrival_larder, hex_medium
D:2:      first_bread, wad_orctagon, uniq_iyjb, uniq_terence
D:3:      old_standard_altar, chequers_ecumenical_altar_island, uniq_jessica,
          uniq_sigmund, uniq_grinder
D:4:      makhleb_grotto_becter, nicolae_overflow_crystal_walls, serial_shops,
          shop, hangedman_abyss_or_decor_passed
D:6:      temple_hall, kennysheep_generic_room_14, uniq_edmund, uniq_pikel,
          uniq_prince_ribbit1
D:7:      overflow_temple_1_default, uniq_duvessa
D:8:      david_lair_generic, david_nohive_1, nicolae_dithmenos_shadow_blocks,
          uniq_gastronok, uniq_grum
D:9:      lemuel_doored_altar, serial_aquarium, aquarium_bridge_long_joined,
          aquarium_bridge_straight, aquarium_window_fake, aquarium_window_2,
          aquarium_view_2b, aquarium_view_2d, aquarium_pool_side

Skill      XL: |  1  2  3  4  5  6  7  8  9 10 |
---------------+-------------------------------+-----
Spellcasting   | 2 3 4 5 |  5.6
Air Magic      | 3 4 5 6 |  6.6
Stealth        | 2 3 |  3.4
Conjurations   | 1 2 3 4 5 |  5.6
Dodging        | 2 3 4 5 |  5.0
Maces & Flails | 1 2 3 4 5 |  5.6
Fighting       | 1 3 4 |  4.2
Staves         | 1 |  1.9
Charms         | |  0.6

Action                   |  1- 3 |  4- 6 |  7- 9 | 10-12 || total
-------------------------+-------+-------+-------+-------++-------
Melee: Mace              |    65 |       |       |       ||    65
       Unarmed           |     2 |       |       |       ||     2
       Flail             |     5 |    88 |       |       ||    93
       Quarterstaff      |       |    16 |    16 |       ||    32
       Dire flail        |       |       |   141 |    11 ||   152
 Cast: Shock             |    49 |   127 |   230 |    15 ||   421
       Repel Missiles    |     1 |       |     1 |       ||     2
       Swiftness         |       |     1 |     4 |     1 ||     6
       Static Discharge  |       |       |    12 |     1 ||    13
       Confuse           |       |       |       |     3 ||     3
  Use: Potion            |       |     1 |     9 |     1 ||    11
       Scroll            |       |       |     8 |     1 ||     9
 Stab: Sleeping          |     3 |     2 |     2 |       ||     7
       Distracted        |       |       |     1 |       ||     1
  Eat: Chunk             |     2 |     7 |    25 |       ||    34
       Bread ration      |       |     1 |       |       ||     1
       Fruit             |       |       |     3 |       ||     3
Armor: Robe              |    25 |    45 |    48 |     7 ||   125
       Skin              |       |     2 |    11 |       ||    13
Dodge: Dodged            |    91 |   132 |   199 |    18 ||   440
       Deflected         |       |     1 |     1 |       ||     2
